General information
- name: BNet
- type: Ladder team game (AT/RT)
- host: Battle.net
- saver: Obama-2012
map: Highperch
- players: 6
- length: 84:13
- speed: Fast
- version: 1.26 W3XP
- replay type: Public
» download(395 KB)
Players
team 1 (winner)
Obama-2012 (
red | 52 APM | 4414 actions | 84:13)
7 Archmage
3 Blizzard
3 Brilliance Aura
1 Mass Teleport
6 Blood Mage
3 Flame Strike
2 Siphon Mana
1 Summon Phoenix
» actions
| Assign group hotkey | 12 | |
| Basic commands | 43 | |
| Build / train | 143 | |
| ESC pressed | 20 | |
| Enter build submenu | 89 | |
| Enter hero's abilities submenu | 13 | |
| Give item / drop item | 1 | |
| Right click | 1271 | |
| Select / deselect | 585 | |
| Select group hotkey | 1809 | |
| Use ability | 428 | |
4414 total
» units
| Peasant | 15 | |
| Sorceress | 1 | |
| Priest | 1 | |
| Dragonhawk Rider | 12 | |
29 total
» upgrades
| Masonry | 3 | |
| Lumber Harvesting | 1 | |
| Sorceress Training | 1 | |
| Magic Sentry | 1 | |
| Priest Training | 1 | |
| Cloud | 1 | |
8 total
» buildings
| Altar of Kings | 1 | |
| Farm | 7 | |
| Arcane Vault | 1 | |
| Lumber Mill | 2 | |
| Scout Tower | 131 | |
| Keep | 1 | |
| Guard Tower | 83 | |
| Arcane Sanctum | 1 | |
| Town Hall | 1 | |
| Gryphon Aviary | 1 | |
| Arcane Tower | 2 | |
| Castle | 1 | |
232 total
» build order
00:09 Altar of Kings
00:20 Farm
00:20 Farm
02:04 Arcane Vault
02:33 Lumber Mill
02:44 Scout Tower
02:50 Keep
03:12 Scout Tower
03:15 Scout Tower
03:23 Farm
03:35 Guard Tower
03:37 Scout Tower
03:40 Guard Tower
03:40 Guard Tower
03:45 Scout Tower
03:47 Guard Tower
03:52 Scout Tower
04:01 Scout Tower
04:06 Guard Tower
04:12 Guard Tower
04:17 Scout Tower
04:20 Scout Tower
04:33 Guard Tower
04:34 Scout Tower
04:38 Guard Tower
04:44 Scout Tower
04:58 Guard Tower
05:23 Scout Tower
05:25 Guard Tower
05:39 Scout Tower
05:45 Arcane Sanctum
05:51 Guard Tower
06:01 Guard Tower
06:12 Guard Tower
06:16 Scout Tower
06:24 Scout Tower
06:33 Guard Tower
06:54 Guard Tower
07:14 Scout Tower
07:46 Scout Tower
08:03 Town Hall
08:13 Scout Tower
08:14 Scout Tower
08:15 Guard Tower
08:27 Scout Tower
08:28 Scout Tower
08:29 Guard Tower
08:46 Guard Tower
08:52 Scout Tower
08:57 Guard Tower
09:29 Scout Tower
09:30 Guard Tower
09:36 Gryphon Aviary
09:49 Scout Tower
09:52 Scout Tower
09:54 Guard Tower
10:21 Guard Tower
10:24 Guard Tower
10:26 Scout Tower
10:57 Guard Tower
10:59 Scout Tower
11:02 Scout Tower
11:09 Guard Tower
11:26 Guard Tower
11:29 Scout Tower
11:32 Scout Tower
12:20 Guard Tower
12:21 Scout Tower
12:22 Scout Tower
12:22 Scout Tower
12:23 Scout Tower
12:24 Scout Tower
12:24 Scout Tower
12:24 Scout Tower
12:30 Guard Tower
12:32 Scout Tower
12:59 Guard Tower
13:12 Guard Tower
13:15 Scout Tower
13:23 Farm
13:58 Guard Tower
14:51 Scout Tower
14:52 Scout Tower
15:02 Guard Tower
15:05 Scout Tower
15:06 Scout Tower
15:07 Scout Tower
15:07 Scout Tower
15:12 Farm
15:16 Scout Tower
15:16 Scout Tower
15:18 Scout Tower
15:18 Scout Tower
15:19 Scout Tower
15:19 Scout Tower
15:45 Guard Tower
16:12 Guard Tower
16:18 Scout Tower
16:22 Guard Tower
16:28 Guard Tower
16:48 Guard Tower
17:07 Guard Tower
17:15 Guard Tower
17:40 Arcane Tower
17:42 Guard Tower
17:43 Scout Tower
18:22 Guard Tower
18:23 Scout Tower
18:37 Guard Tower
18:53 Farm
20:37 Scout Tower
20:39 Scout Tower
20:40 Scout Tower
20:42 Scout Tower
20:42 Scout Tower
20:45 Scout Tower
20:46 Scout Tower
20:59 Guard Tower
21:54 Guard Tower
22:20 Guard Tower
22:22 Scout Tower
22:25 Guard Tower
22:28 Castle
22:37 Scout Tower
22:38 Scout Tower
22:38 Scout Tower
22:39 Scout Tower
22:40 Scout Tower
22:40 Scout Tower
22:41 Scout Tower
22:59 Guard Tower
23:28 Guard Tower
24:42 Guard Tower
26:02 Guard Tower
26:04 Scout Tower
26:05 Scout Tower
26:06 Scout Tower
26:06 Scout Tower
26:11 Scout Tower
26:12 Scout Tower
26:12 Scout Tower
26:13 Scout Tower
27:24 Guard Tower
27:53 Guard Tower
27:55 Scout Tower
27:55 Scout Tower
27:57 Guard Tower
28:14 Guard Tower
28:16 Scout Tower
28:17 Scout Tower
28:18 Scout Tower
28:34 Guard Tower
28:47 Scout Tower
28:48 Scout Tower
28:49 Guard Tower
29:08 Guard Tower
29:11 Guard Tower
29:24 Guard Tower
29:26 Scout Tower
29:27 Scout Tower
29:28 Scout Tower
31:09 Scout Tower
31:09 Scout Tower
31:10 Scout Tower
31:18 Guard Tower
31:26 Guard Tower
31:28 Scout Tower
31:30 Scout Tower
31:40 Guard Tower
32:19 Guard Tower
32:21 Scout Tower
32:22 Scout Tower
32:23 Scout Tower
32:23 Scout Tower
32:25 Scout Tower
32:36 Guard Tower
32:45 Scout Tower
32:45 Scout Tower
32:47 Scout Tower
32:47 Scout Tower
32:48 Scout Tower
32:48 Scout Tower
32:49 Scout Tower
32:51 Scout Tower
33:15 Guard Tower
33:42 Guard Tower
33:44 Guard Tower
33:46 Scout Tower
33:52 Farm
34:16 Guard Tower
34:48 Guard Tower
34:54 Guard Tower
35:02 Arcane Tower
35:15 Scout Tower
35:15 Scout Tower
35:16 Scout Tower
35:17 Scout Tower
35:52 Guard Tower
38:27 Lumber Mill
39:39 Guard Tower
39:41 Scout Tower
39:42 Scout Tower
39:43 Scout Tower
42:12 Guard Tower
42:14 Scout Tower
42:15 Scout Tower
42:16 Scout Tower
42:25 Guard Tower
42:26 Scout Tower
42:27 Scout Tower
42:28 Scout Tower
42:28 Scout Tower
42:29 Scout Tower
43:11 Guard Tower
43:14 Scout Tower
43:14 Scout Tower
43:15 Scout Tower
43:19 Guard Tower
43:23 Guard Tower
44:32 Guard Tower
44:46 Guard Tower
45:05 Guard Tower
56:11 Scout Tower
56:12 Scout Tower
56:13 Scout Tower
56:13 Scout Tower
56:14 Scout Tower
56:15 Scout Tower
56:16 Scout Tower
57:37 Guard Tower
58:03 Guard Tower
64:19 Guard Tower
» items
| Healing Salve | 1 | |
| Staff of Teleportation | 2 | |
3 total
wutang_putang (
blue | 39 APM | 1852 actions | 47:01)
4 Blood Mage
2 Flame Strike
1 Banish
1 Siphon Mana
5 Paladin
2 Holy Light
2 Devotion Aura
1 Divine Shield
» actions
| Assign group hotkey | 6 | |
| Basic commands | 5 | |
| Build / train | 74 | |
| Enter build submenu | 20 | |
| Enter hero's abilities submenu | 10 | |
| Right click | 1284 | |
| Select / deselect | 346 | |
| Select group hotkey | 6 | |
| Use ability | 101 | |
1852 total
» units
| Peasant | 5 | |
| Footman | 8 | |
| Knight | 4 | |
| Siege Engine | 14 | |
| Rifleman | 3 | |
| Mortar Team | 4 | |
| Priest | 3 | |
| Sorceress | 4 | |
45 total
» upgrades
| Gunpowder | 1 | |
| Armor | 1 | |
| Lumber Harvesting | 2 | |
| Swords | 2 | |
| Plating | 2 | |
| Animal War Training | 1 | |
| Long Rifles | 1 | |
| Barrage | 1 | |
| Fragmentation Shards | 1 | |
| Sorceress Training | 1 | |
13 total
» buildings
| Altar of Kings | 1 | |
| Farm | 10 | |
| Barracks | 2 | |
| Lumber Mill | 1 | |
| Scout Tower | 3 | |
| Keep | 1 | |
| Blacksmith | 1 | |
| Castle | 1 | |
| Workshop | 2 | |
| Cannon Tower | 1 | |
| Arcane Sanctum | 1 | |
24 total
» build order
00:11 Altar of Kings
00:16 Farm
00:33 Barracks
01:37 Farm
01:49 Farm
02:31 Lumber Mill
02:36 Farm
03:04 Scout Tower
03:09 Farm
03:59 Scout Tower
04:00 Scout Tower
05:34 Keep
05:45 Blacksmith
07:07 Barracks
08:01 Castle
13:10 Workshop
14:16 Cannon Tower
16:24 Farm
16:26 Farm
16:58 Farm
17:00 Farm
17:01 Farm
24:12 Workshop
25:37 Arcane Sanctum
» items

»
Wolverin[e] (
orange | 56 APM | 4696 actions | 84:10)
8 Tauren Chieftain
2 Shockwave
3 Endurance Aura
1 Reincarnation
2 War Stomp
» actions
| Assign group hotkey | 7 | |
| Basic commands | 244 | |
| Build / train | 102 | |
| Enter build submenu | 29 | |
| Enter hero's abilities submenu | 8 | |
| Give item / drop item | 1 | |
| Remove unit from queue | 12 | |
| Right click | 3257 | |
| Select / deselect | 806 | |
| Select group hotkey | 7 | |
| Use ability | 223 | |
4696 total
» units
| Peon | 17 | |
| Grunt | 5 | |
| Shaman | 5 | |
| Troll Witch Doctor | 7 | |
| Tauren | 11 | |
| Troll Batrider | 10 | |
| Wind Rider | 3 | |
58 total
» upgrades
| Spiked Barricades | 1 | |
| Shaman Training | 2 | |
| Witch Doctor Training | 2 | |
| Armor | 3 | |
| Melee Weapons | 3 | |
| Pulverize | 1 | |
| Envenomed Spears | 1 | |
13 total
» buildings
| Orc Burrow | 8 | |
| Altar of Storms | 1 | |
| Barracks | 1 | |
| War Mill | 1 | |
| Voodoo Lounge | 1 | |
| Watch Tower | 5 | |
| Stronghold | 1 | |
| Fortress | 1 | |
| Spirit Lodge | 2 | |
| Great Hall | 1 | |
| Tauren Totem | 2 | |
| Beastiary | 2 | |
26 total
» build order
00:05 Orc Burrow
00:08 Altar of Storms
01:02 Barracks
01:43 Orc Burrow
02:12 War Mill
02:43 Voodoo Lounge
03:31 Orc Burrow
03:53 Watch Tower
04:10 Stronghold
04:45 Watch Tower
05:54 Watch Tower
06:23 Watch Tower
06:37 Fortress
06:44 Spirit Lodge
06:51 Orc Burrow
07:45 Watch Tower
08:01 Orc Burrow
08:38 Spirit Lodge
09:37 Great Hall
10:33 Tauren Totem
11:42 Tauren Totem
18:29 Orc Burrow
22:15 Beastiary
23:38 Beastiary
29:32 Orc Burrow
29:36 Orc Burrow
» items
| Scroll of Regeneration | 2 | |
| Orb of Lightning | 1 | |
| Scroll of Speed | 1 | |
| Scroll of Town Portal | 1 | |
| Potion of Healing | 1 | |
| Staff of Teleportation | 1 | |
7 total
team 2 (loser)

»
MentalCrushed (
pink | 104 APM | 6847 actions | 65:49)
7 Death Knight
3 Death Coil
2 Unholy Aura
1 Death Pact
1 Animate Dead
6 Lich
3 Frost Nova
2 Frost Armor
1 Death and Decay
» actions
| Assign group hotkey | 68 | |
| Basic commands | 192 | |
| Build / train | 190 | |
| ESC pressed | 8 | |
| Enter build submenu | 26 | |
| Enter hero's abilities submenu | 13 | |
| Give item / drop item | 14 | |
| Remove unit from queue | 1 | |
| Right click | 3951 | |
| Select / deselect | 950 | |
| Select group hotkey | 1194 | |
| Use ability | 240 | |
6847 total
» units
| Acolyte | 50 | |
| Ghoul | 3 | |
| Crypt Fiend | 7 | |
| Obsidian Statue | 8 | |
| Frost Wyrm | 25 | |
| Meatwagon | 1 | |
| Banshee | 11 | |
| Necromancer | 3 | |
108 total
» upgrades
| Creature Attack | 3 | |
| Burrow | 1 | |
| Creature Carapace | 3 | |
| Web | 2 | |
| Destroyer Form | 1 | |
| Freezing Breath | 1 | |
| Unholy Armor | 1 | |
| Exhume Corpses | 1 | |
| Necromancer Training | 0 | |
| Banshee Training | 2 | |
15 total
» buildings
| Crypt | 1 | |
| Altar of Darkness | 1 | |
| Ziggurat | 7 | |
| Graveyard | 1 | |
| Tomb of Relics | 1 | |
| Nerubian Tower | 3 | |
| Halls of the Dead | 1 | |
| Slaughterhouse | 2 | |
| Black Citadel | 3 | |
| Sacrificial Pit | 1 | |
| Necropolis | 1 | |
| Boneyard | 2 | |
| Temple of the Damned | 2 | |
26 total
» build order
00:22 Crypt
00:25 Altar of Darkness
00:28 Ziggurat
00:30 Ziggurat
01:01 Graveyard
01:29 Tomb of Relics
01:55 Ziggurat
03:28 Nerubian Tower
04:45 Halls of the Dead
05:08 Ziggurat
06:39 Ziggurat
07:18 Slaughterhouse
08:17 Ziggurat
08:39 Black Citadel
08:39 Black Citadel
10:46 Slaughterhouse
11:26 Sacrificial Pit
13:15 Necropolis
13:40 Boneyard
15:43 Boneyard
16:27 Ziggurat
17:50 Nerubian Tower
34:11 Temple of the Damned
34:16 Temple of the Damned
» items
| Rod of Necromancy | 7 | |
| Dust of Appearance | 1 | |
| Orb of Corruption | 1 | |
| Potion of Lesser Invulnerability | 1 | |
10 total
Silverback (
purple | 50 APM | 3815 actions | 75:45)
7 Warden
3 Shadow Strike
3 Fan of Knives
1 Spirit of Vengeance
» actions
| Assign group hotkey | 51 | |
| Build / train | 103 | |
| Enter build submenu | 28 | |
| Enter hero's abilities submenu | 7 | |
| Remove unit from queue | 2 | |
| Right click | 1817 | |
| Select / deselect | 737 | |
| Select group hotkey | 882 | |
| Use ability | 188 | |
3815 total
» units
| Wisp | 26 | |
| Archer | 6 | |
| Huntress | 8 | |
| Razormane Medicine Man | 1 | |
| Dryad | 9 | |
| Druid of the Talon | 9 | |
| Druid of the Claw | 4 | |
| Chimaera | 7 | |
| Hippogryph | 1 | |
71 total
» upgrades
| Strength of the Moon | 2 | |
| Reinforced Hides | 2 | |
| Druid of the Talon Training | 2 | |
| Abolish Magic | 1 | |
| Strength of the Wild | 3 | |
| Improved Bows | 1 | |
| Marksmanship | 1 | |
| Corrosive Breath | 1 | |
| Well Spring | 1 | |
| Mark of the Talon | 1 | |
| Druid of the Claw Training | 1 | |
16 total
» buildings
| Moon Well | 9 | |
| Altar of Elders | 1 | |
| Ancient of War | 1 | |
| Ancient of Wonders | 1 | |
| Hunter's Hall | 1 | |
| Ancient Protector | 8 | |
| Tree of Ages | 1 | |
| Ancient of Wind | 1 | |
| Ancient of Lore | 2 | |
| Tree of Life | 1 | |
| Tree of Eternity | 1 | |
| Chimaera Roost | 2 | |
29 total
» build order
00:18 Moon Well
00:26 Altar of Elders
00:38 Ancient of War
01:36 Moon Well
02:01 Ancient of Wonders
02:30 Hunter's Hall
03:46 Moon Well
04:28 Ancient Protector
05:00 Tree of Ages
05:51 Moon Well
06:36 Ancient Protector
07:27 Ancient of Wind
07:36 Ancient of Lore
08:37 Ancient Protector
10:18 Tree of Life
12:04 Moon Well
15:29 Ancient Protector
16:24 Tree of Eternity
16:47 Ancient Protector
16:53 Moon Well
18:15 Ancient Protector
21:18 Chimaera Roost
21:30 Ancient of Lore
22:20 Moon Well
22:27 Ancient Protector
22:54 Chimaera Roost
28:23 Moon Well
30:05 Moon Well
39:45 Ancient Protector
» items
| Dust of Appearance | 1 | |
| Scroll of Town Portal | 3 | |
4 total
castast (
teal | 26 APM | 2169 actions | 84:10)
5 Demon Hunter
2 Immolation
3 Evasion
2 Warden
1 Fan of Knives
1 Shadow Strike
» actions
| Assign group hotkey | 41 | |
| Basic commands | 12 | |
| Build / train | 61 | |
| Enter build submenu | 19 | |
| Enter hero's abilities submenu | 9 | |
| Right click | 895 | |
| Select / deselect | 463 | |
| Select group hotkey | 615 | |
| Use ability | 54 | |
2169 total
» units
| Wisp | 8 | |
| Huntress | 12 | |
| Glaive Thrower | 22 | |
| Dryad | 6 | |
48 total
» upgrades
» buildings
| Altar of Elders | 2 | |
| Ancient of War | 3 | |
| Moon Well | 9 | |
| Hunter's Hall | 1 | |
| Tree of Ages | 1 | |
| Ancient of Wonders | 1 | |
| Ancient of Lore | 1 | |
18 total
» build order
00:09 Altar of Elders
00:12 Ancient of War
00:41 Moon Well
01:47 Hunter's Hall
02:09 Ancient of War
02:29 Moon Well
04:37 Moon Well
05:51 Tree of Ages
05:56 Moon Well
07:55 Ancient of Wonders
08:19 Ancient of Lore
09:49 Moon Well
10:47 Moon Well
16:22 Moon Well
17:49 Moon Well
24:16 Altar of Elders
24:21 Ancient of War
28:33 Moon Well
» items
Chat log
(00:22 / Allies) Wolverin[e]: rush ?
(00:27 / Allies) wutang_putang: ok
(04:31 / Allies) Wolverin[e]: we not rushing ?
(06:39 / Allies) wutang_putang: take mine
(07:47 / All) Obama-2012: OBAMA
(08:04 / Allies) Obama-2012: LUMBZ
(10:06 / Allies) Wolverin[e]: lumber ?
(10:12 / Allies) wutang_putang: got nothing
(10:18 / All) Obama-2012: OBAMA
(12:12 / All) Obama-2012: OBAMA
(12:28 / Allies) Wolverin[e]: blue whut unit ?
(12:45 / Allies) wutang_putang: knights
(13:34 / All) Obama-2012: OBAMA
(14:48 / All) Obama-2012: hohoHOHOHOhohOHOHohoho
(15:27 / All) Obama-2012: OBAMA
(15:39 / Allies) wutang_putang: move ur tauren
(17:59 / All) Obama-2012: OBAMA
(18:39 / Allies) Obama-2012: LUMBZ
(18:57 / Allies) wutang_putang: wait for me
(20:47 / All) Obama-2012: OBAMA
(21:43 / All) Obama-2012: OBAMA
(22:07 / All) Obama-2012: OBAMA 2012 BABBY
(22:51 / All) Obama-2012: OBAMA
(23:00 / All) castast: afk
(23:14 / All) castast: sadest game ever
(23:22 / All) Obama-2012: maddest player ever
(23:41 / All) castast: worst game in 5 years
(23:52 / All) Obama-2012: best game in 5 years
(24:41 / All) castast: crap game
(24:46 / All) Obama-2012: crap teal
(25:57 / All) Obama-2012: hohoHOhohoho
(26:10 / All) castast: zzzzzz
(26:19 / All) Obama-2012: goodnight noobs
(26:20 / Allies) wutang_putang: yo mage tp me and som morter right into ther base then we tp out
(26:22 / All) castast: takes a nap
(26:31 / Allies) Wolverin[e]: this air
(26:33 / Allies) Wolverin[e]: make problem
(26:34 / Allies) Wolverin[e]: blue
(26:38 / Allies) Wolverin[e]: u get some aa
(29:15 / All) Obama-2012: come and get us bois
(30:53 / All) Obama-2012: hohoHOhohoho
(30:55 / All) castast: newbs
(31:01 / All) Obama-2012: LOL
(31:14 / All) Obama-2012: towers destroyed: 0
(31:28 / All) castast: afk gl
(32:34 / All) castast: waste my dam time
(32:40 / Allies) wutang_putang: gold plz
(32:41 / All) Obama-2012: cry more noob
(32:53 / All) castast: fck u
(32:58 / All) Obama-2012: reported
(33:00 / Allies) Wolverin[e]: no more gold
(33:24 / All) castast: i should of never voted for that nigger now
(33:33 / All) Obama-2012: should have*
(33:36 / Allies) Wolverin[e]: red
(33:39 / Allies) Wolverin[e]: get some unit red
(33:42 / Allies) Wolverin[e]: ur gold 5k
(34:06 / Allies) Wolverin[e]: gryphon
(34:09 / Allies) Obama-2012: get ur heroes back blue
(34:17 / Allies) wutang_putang: i got no gold
(34:24 / Allies) Wolverin[e]: give gold
(34:44 / All) Obama-2012: OBAMA
(34:54 / All) castast: i see a inpeachment now
(35:29 / Allies) Wolverin[e]: unit red
(35:32 / Allies) Wolverin[e]: gryphon
(35:33 / Allies) Wolverin[e]: would be nice
(35:37 / All) castast: zzzzzz
(35:50 / All) Obama-2012: i thought u were going afk
(36:00 / All) castast: zzzzzz
(36:41 / Allies) wutang_putang: gold plz anyone
(37:10 / All) castast: worst game ever
(37:15 / All) Obama-2012: best game ever
(37:50 / All) castast: u must b a nigger
(37:55 / All) Obama-2012: reported
(38:01 / All) castast: all the same
(38:18 / All) Obama-2012: more like castass
(39:47 / All) Obama-2012: I wonder what's for dinner
(39:57 / All) castast: ur mama
(40:36 / Allies) wutang_putang: bro ur blocking my hero
(41:17 / All) Obama-2012: LOL
(42:05 / All) Obama-2012: I call that one "the dinner bomb."
(42:34 / All) Obama-2012: why are u guys still here
(42:45 / All) castast: long game
(43:30 / All) Obama-2012: this is one of the best peases ever
(44:57 / All) Obama-2012: keep it up bois
(45:20 / All) castast: zzzzzzzz
(46:42 / All) castast: hahas
(46:45 / Allies) Obama-2012: muy retardo
(47:39 / Allies) Obama-2012: dos retardos
(48:02 / Allies) Wolverin[e]: hohoho
(48:07 / Allies) Wolverin[e]: give some gold
(48:11 / Allies) Wolverin[e]: 500
(48:50 / Allies) Wolverin[e]: some gold
(51:21 / All) castast: ur a ass red
(51:21 / Allies) Obama-2012: stomp lich when he uses that again
(51:27 / All) Obama-2012: reported
(51:33 / All) castast: lmao
(52:39 / Allies) Wolverin[e]: red some gold
(54:16 / Allies) Wolverin[e]: 100
(54:21 / Allies) Wolverin[e]: i want to buy telepot
(55:28 / All) Obama-2012: buen peasing
(56:02 / All) Obama-2012: hohoHOhohoho
(56:04 / All) castast: game
(57:42 / All) Obama-2012: slap yoself some fat boyz
(59:48 / Allies) Obama-2012: lich coming back
(61:32 / All) Obama-2012: hohohohoh
(62:39 / All) Obama-2012: dinner
(64:20 / Allies) Wolverin[e]: hohohoh
(65:47 / All) MentalCrushed: gg
(65:49 / All) Obama-2012: LOL
(67:37 / All) castast: zzzzzz
(67:43 / All) Obama-2012: nighty night
(68:22 / All) Obama-2012: deeee colores
(69:55 / Allies) Obama-2012: care
(71:48 / All) castast: did u enjoy it red
(71:51 / All) Obama-2012: yes
(72:00 / All) Wolverin[e]: me also
(72:00 / All) Wolverin[e]: haha
(72:17 / All) castast: u better i never see u agian red
(72:33 / All) Obama-2012: u mad?
(72:55 / All) castast: going to blow my brains out after this 1
(73:08 / Allies) Obama-2012: out
(73:24 / All) Obama-2012: plaps
(73:50 / Allies) Wolverin[e]: care
(74:29 / All) Obama-2012: what a sloppin plop of a game
(74:52 / All) castast: i beeter never see u agian red
(75:08 / All) Obama-2012: or else?
(75:13 / All) castast: ur acct is over
(75:32 / All) castast: iam on 24/7
(75:45 / All) Obama-2012: ya what u gonna do
(75:54 / All) castast: ull seee
(75:58 / All) castast: hehe
(76:15 / All) castast: burn in hell u fck
(76:26 / All) Obama-2012: thats not very nice
(76:40 / All) castast: ill get u bak
(77:34 / All) Obama-2012: do you like plappin
(77:43 / All) castast: fck u
(77:55 / All) castast: pieace of sh1t
(78:03 / All) Obama-2012: pie ace
(78:32 / All) castast: waste ppls time
(78:45 / All) Obama-2012: i had fun
(79:00 / All) Obama-2012: it was time well spent
(79:13 / All) castast: for 1 win lmao
(79:37 / All) Obama-2012: so what does your name mean
(79:55 / All) castast: fck u
(81:22 / All) Obama-2012: OBAMMMMA 2012!!
(82:03 / All) castast: ya ill never vote for a nother nigger agian
(82:10 / All) Obama-2012: so how would you rate this game on a scale of 1-10
(82:20 / All) castast: nigger games like this
(82:55 / All) Obama-2012: ?
(83:03 / All) Obama-2012: come attack our towers
(83:09 / All) Obama-2012: grand finale